Map: Ice and Chrome LE

Players

Geralt (Gerald)

  • Race: Protoss Protoss
  • League: Grandmaster
  • Spawn Location: 7:00

soul - Winner!

  • Race: Terran Terran
  • League: Master
  • Spawn Location: 1:00

Event: DreamHack SC2 Masters 2020 Summer Europe

VOD

Have the link to the VOD?

Description

Time

  • Played on: July 8, 2020, 10:41 a.m.
  • Length: 10:31

All games in this series

Show
View Real Time Build Order
Export as new Build Order

Geralt Protoss 

Build Orders: 1 Gate Expand 

Get SALT Encoding   

  12  0:00  Probe  
  13  0:12  Probe  
  14  0:17  Pylon  
  14  0:23  Probe  
  15  0:32  Probe  
  15  0:36  Gateway  
  15  0:40  Probe  
  16  0:46  Assimilator  
  17  0:51  Probe  
  18  1:03  Probe  
  19  1:15  Probe  
  20  1:25  Cybernetics Core  
  20  1:27  Probe  
  21  1:35  Nexus  
  21  1:41  Pylon  
  21  1:44  Probe  
  22  1:52  Adept, Assimilator  
  22  1:56  Probe  
  23  2:08  Probe  
  26  2:11  Twilight Council  
  26  2:20  Probe  
  26  2:22  Stalker  
  29  2:32  Warp Gate  
  29  2:37  Probe  
  30  2:48  Probe  
  30  2:49  Probe  
  32  2:53  Robotics Facility  
  32  3:00  Probe  
  32  3:01  Probe  
  34  3:07  Gateway  
  34  3:11  Gateway  
  34  3:12  Probe  
  35  3:13  Probe  
  36  3:20  Charge  
  36  3:24  Probe  
  36  3:25  Probe  
  37  3:36  Probe  
  37  3:37  Probe  
  39  3:46  Warp Prism  
  39  3:48  Probe  
  39  3:50  Probe  
  39  3:52  Gateway  
  43  4:00  Probe  
  43  4:02  Probe  
  44  4:06  Gateway  
  44  4:12  Probe  
  44  4:13  Pylon  
  44  4:14  Probe  
  44  4:15  Assimilator  
  46  4:22  Pylon  
  46  4:31  Probe x2  
  48  4:34  Observer  
  48  4:37  Zealot x2  
  53  4:43  Probe x2  
  53  4:44  Forge  
  55  4:51  Assimilator  
  55  4:52  Templar Archives  
  55  4:55  Zealot x2  
  59  5:10  Probe  
  62  5:20  Pylon, Observer, Probe  
  62  5:26  Stalker x2  
  60  5:29  Shield Battery  
  56  5:40  Blink  
  56  5:41  Observer  
  54  5:43  Probe  
  54  5:47  Probe  
  55  5:54  Stalker x2  
  55  5:55  Stalker x3  
  63  6:00  Probe  
  63  6:01  Probe  
  63  6:08  Probe  
  63  6:09  Protoss Ground Armor Level 1, Probe  
  64  6:17  Probe  
  66  6:18  Probe  
  66  6:24  Psionic Storm  
  68  6:29  Probe  
  63  6:42  Probe  
  63  6:44  Probe, Pylon  
  65  6:47  High Templar  
  65  6:48  Gateway x2  
  65  6:51  Gateway  
  67  6:54  Probe  
  67  6:57  Probe  
  69  7:10  Nexus, High Templar x2  
  69  7:12  Pylon  
  73  7:18  Zealot x2  
  73  7:21  Pylon  
  76  7:31  Pylon  
  76  7:32  Probe  
  76  7:35  Robotics Bay  
  76  7:36  Pylon  
  77  7:37  Zealot  
  77  7:38  High Templar  
  81  7:47  Zealot x2  
  81  7:48  Zealot  
  87  7:53  Probe x2  
  88  7:59  High Templar  
  88  8:00  Zealot  
  88  8:05  Probe x2  
  92  8:14  Protoss Ground Weapons Level 1  
  92  8:17  Probe  
  92  8:18  Disruptor, Probe  
  94  8:20  Stalker  
  94  8:23  Probe  
  97  8:29  Probe  
  97  8:30  Gravitic Drive, Probe  
  102  8:35  Probe  
  102  8:39  Zealot x4  
  102  8:41  Probe  
  112  8:54  Zealot x3  
  112  8:55  Zealot  
  118  8:58  Immortal  
  118  9:01  Zealot  
  124  9:06  Zealot  
  124  9:08  Zealot  
  74  9:26  Zealot x7  
  74  9:27  Disruptor  
  74  9:30  Probe x3  
  89  9:39  Zealot  
  89  9:42  Probe  
  90  9:47  High Templar x3  
  90  9:48  Zealot x4  
  90  9:52  Pylon  
  101  10:02  Zealot x3  
  87  10:08  Stalker x2  
  84  10:14  Zealot  
  85  10:25  Archon  
Show
View Real Time Build Order
Export as new Build Order

soul Terran - Winner!

Build Orders: Banshee Rush 

Get SALT Encoding   

  12  0:00  SCV  
  13  0:13  SCV  
  14  0:17  Supply Depot  
  14  0:25  SCV  
  15  0:38  SCV  
  15  0:40  Barracks  
  16  0:44  Refinery  
  16  0:50  SCV  
  17  1:03  SCV  
  18  1:15  SCV  
  19  1:27  Marine  
  19  1:28  Orbital Command  
  20  1:41  Command Center  
  20  1:45  Reaper  
  21  1:51  Supply Depot  
  21  1:54  SCV  
  22  2:03  Bunker  
  22  2:08  SCV  
  23  2:15  Factory  
  23  2:19  Refinery  
  23  2:23  SCV  
  23  2:24  Barracks Reactor  
  24  2:38  SCV  
  25  2:50  SCV  
  26  2:57  Orbital Command  
  26  3:01  Starport, Marine x2  
  26  3:02  SCV  
  26  3:03  Widow Mine  
  31  3:14  SCV  
  31  3:16  Orbital Command  
  31  3:19  Marine x2  
  34  3:24  SCV  
  34  3:26  Factory Tech Lab  
  34  3:27  SCV  
  36  3:37  Marine x2  
  36  3:39  SCV  
  39  3:42  SCV  
  40  3:50  Cloaking Field  
  40  3:51  Banshee, SCV  
  40  3:54  SCV  
  40  3:55  Marine, Factory Tech Lab  
  46  4:01  Marine  
  46  4:03  Supply Depot  
  46  4:06  Supply Depot  
  48  4:10  SCV x2  
  48  4:13  Siege Tank, Marine  
  52  4:17  Bunker  
  52  4:19  Marine  
  52  4:22  SCV  
  54  4:25  SCV  
  54  4:26  Supply Depot  
  54  4:30  Marine  
  56  4:34  Banshee, SCV  
  56  4:37  Marine, Engineering Bay  
  56  4:38  SCV  
  62  4:46  SCV  
  62  4:48  Marine  
  62  4:51  Siege Tank  
  67  4:53  SCV  
  67  4:55  Marine  
  69  5:06  Marine, Missile Turret  
  70  5:07  Supply Depot  
  70  5:10  SCV  
  70  5:13  Marine  
  71  5:19  Supply Depot  
  71  5:20  Supply Depot, Viking  
  72  5:24  Marine  
  72  5:25  SCV  
  72  5:26  SCV, Missile Turret  
  75  5:42  Marine  
  76  5:43  SCV, Barracks  
  76  5:44  Barracks  
  76  5:49  Marine, SCV  
  79  5:50  Raven  
  79  5:56  SCV  
  82  6:00  Marine  
  82  6:03  Refinery  
  81  6:05  Refinery  
  80  6:11  Command Center  
  80  6:13  Siege Tank  
  80  6:16  SCV  
  84  6:19  Marine  
  84  6:20  Supply Depot, SCV  
  84  6:25  Marine  
  87  6:28  Terran Infantry Weapons Level 1  
  87  6:36  SCV  
  87  6:37  Marine, SCV  
  88  6:43  Starport Reactor  
  88  6:50  SCV x2  
  88  6:51  Barracks  
  88  6:52  Barracks  
  90  6:56  Factory Reactor  
  90  6:58  Supply Depot  
  90  6:59  Supply Depot x2  
  90  7:00  Stimpack  
  89  7:04  Marauder x2, Marine  
  89  7:05  SCV  
  89  7:08  SCV  
  96  7:12  Supply Depot  
  96  7:16  Ghost Academy, Marine  
  96  7:17  SCV  
  100  7:24  Combat Shield  
  100  7:25  Orbital Command, Marauder  
  100  7:27  SCV  
  100  7:29  SCV  
  102  7:30  Medivac  
  104  7:37  Medivac  
  104  7:41  SCV  
  104  7:42  Barracks Reactor  
  104  7:43  Barracks Tech Lab  
  107  7:49  Marauder, Marine  
  107  7:50  Supply Depot  
  107  7:51  Supply Depot  
  110  7:56  Marauder  
  110  7:58  Marine  
  112  8:00  Medivac  
  112  8:01  Refinery  
  112  8:03  Refinery, Widow Mine  
  112  8:04  Marauder  
  118  8:06  Marine  
  118  8:10  Marine  
  118  8:11  Orbital Command  
  118  8:12  SCV x2  
  120  8:16  Marine  
  120  8:17  Marine  
  122  8:24  Marine x2  
  122  8:25  Marauder  
  122  8:26  Marine  
  127  8:28  Marauder, Medivac  
  127  8:34  Marine  
  129  8:35  Concussive Shells, Marauder  
  129  8:39  SCV x3  
  132  8:42  Marine x2  
  132  8:43  Medivac  
  132  8:46  Marauder  
  137  8:50  Marauder  
  137  8:51  SCV x2  
  137  8:54  Marine  
  142  8:56  Widow Mine  
  142  8:57  Marauder  
  142  8:58  Medivac  
  148  9:04  Marine  
  148  9:08  Marauder  
  145  9:12  Marine  
  145  9:13  Marauder  
  145  9:14  Marine  
  145  9:15  Marine, Medivac  
  130  9:18  Marauder  
  130  9:21  Marine  
  130  9:23  Widow Mine  
  118  9:28  Medivac  
  118  9:29  Marauder  
  118  9:30  Marine  
  118  9:31  Widow Mine  
  124  9:32  Marine  
  124  9:33  Marine  
  124  9:34  Marauder  
  126  9:39  Marine  
  126  9:40  Marauder  
  126  9:42  SCV x3  
  126  9:45  Widow Mine  
  134  9:48  Supply Depot, Marine  
  134  9:49  Supply Depot  
  134  9:51  Marauder  
  134  9:52  Marine  
  138  9:54  SCV  
  138  9:55  SCV x2  
  138  9:56  Marauder  
  136  10:01  Marauder, Marine  
  136  10:06  Marine  
  136  10:07  Marine  
  136  10:10  Marine  
Tags
 
Add a new tag
Caveats
  • Supply blocks, unpowered buildings, or Contaminate may cause inaccurate times.
  • Supply counts are checked every 10 seconds.